 Dungeon Crawl Stone Soup version 0.28.0-1-gb440e238dd (webtiles) character file.

Game seed: 17244461113189627484

1245 Eitelfritz the Cleaver (level 8, 0/70 HPs)
             Began as a Hill Orc Fighter on Feb 21, 2022.
             Slain by a killer bee (6 damage)
             ... on level 6 of the Dungeon.
             The game lasted 00:10:34 (5555 turns).

Eitelfritz the Cleaver (Hill Orc Fighter)           Turns: 5555, Time: 00:10:35

Health: 0/70       AC: 12    Str: 21    XL:     8   Next: 50%
Magic:  8/8        EV: 10    Int:  8    God:
Gold:   217        SH:  4    Dex: 10    Spells: 7/7 levels left

rFire   . . .      SeeInvis +   a - +2 war axe
rCold   . . .      Faith    .   c - +0 buckler
rNeg    . . .      Spirit   .   b - +0 scale mail
rPois   .          Reflect  .   (no helmet)
rElec   .          Harm     .   j - +0 cloak
rCorr   .          Rampage  .   e - +2 pair of gloves
Will    .....                   (no boots)
Stlth   ..........              (no amulet)
HPRegen 0.21/turn               r - ring of see invisible
MPRegen 0.11/turn               (no ring)

@: no status effects
A: no striking features
a: no special abilities


You were on level 6 of the Dungeon.
You visited 2 branches of the dungeon, and saw 7 of its levels.

You collected 217 gold pieces.

Inventory:

Hand Weapons
 a - a +2 war axe (weapon)
 w - a +0 morningstar
 y - a +2 hand axe of electrocution
Missiles
 n - 2 throwing nets (quivered)
Armour
 b - a +0 scale mail (worn)
 c - a +0 buckler (worn)
 e - a +2 pair of gloves (worn)
 j - a +0 cloak (worn)
Jewellery
 k - a ring of magical power
 p - a +6 ring of intelligence
 q - a +4 ring of slaying
 r - a ring of see invisible (left hand)
 t - a ring of protection from fire
 x - a ring of protection from fire
Wands
 B - a wand of polymorph (4)
Scrolls
 h - a scroll of identify
 m - a scroll of torment {unknown}
 o - 2 scrolls of teleportation
 A - a scroll of enchant weapon
Potions
 d - a potion of might
 f - 2 potions of heal wounds
 g - 2 potions of lignification
 i - 2 potions of magic
 l - 2 potions of attraction
 s - 2 potions of curing {unknown}
 u - a potion of haste {unknown}
 v - a potion of flight {unknown}
 z - a potion of resistance {unknown}


   Skills:
 + Level 5.8 Fighting
 + Level 8.2 Axes
 + Level 6.7 Armour
 + Level 2.3 Dodging
 + Level 0.7 Stealth
 + Level 4.6 Shields


You had 7 spell levels left.
You didn't know any spells.
Your spell library contained the following spells:

 Spells                   Type           Power      Damage    Failure   Level
 Magic Dart               Conj           0%         1d3       80%         1
 Slow                     Hex            0%         N/A       80%         1
 Sting                    Tmut/Pois      0%         1d3       80%         1
 Call Imp                 Summ           0%         N/A       91%         2
 Poisonous Vapours        Pois/Air       0%         N/A       91%         2
 Confusing Touch          Hex            0%         N/A       99%         3
 Mephitic Cloud           Conj/Pois/Air  0%         N/A       99%         3
 Vampiric Draining        Necr           0%         2d6       99%         3
 Olgreb's Toxic Radiance  Pois           0%         N/A       100%        4


Dungeon Overview and Level Annotations

Branches:
Dungeon (6/15)             Temple (1/1) D:5

Altars:
Ashenzari
Cheibriados
Dithmenos
Fedhas
Gozag
Hepliaklqana
Makhleb
Okawaru
Qazlal
Ru
Uskayaw
Vehumet
Yredelemnul
The Shining One

Shops:
D:5 =


Message History

The killer bee stings you.
* * * LOW HITPOINT WARNING * * *
The killer bee stings you but does no damage.
You hit the killer bee.
The killer bee is moderately wounded.
You feel sick. You block the killer bee's attack.
The killer bee stings you but does no damage.
You miss the killer bee.
The killer bee is moderately wounded.
You feel sick.
The killer bee stings you but does no damage.
You block the killer bee's attack. The killer bee misses you.
You hit the killer bee.
The killer bee is heavily wounded.
You feel sick. You block the killer bee's attack.
The killer bee stings you but does no damage.
You miss the killer bee.
The killer bee is heavily wounded.
You feel sick.
The killer bee stings you but does no damage. x2
You barely miss the killer bee.
The killer bee is heavily wounded.
You feel sick.
The killer bee stings you but does no damage.
You block the killer bee's attack. The killer bee barely misses you.
You slash the killer bee!
You kill the killer bee!
You feel sick. The killer bee misses you.
The killer bee stings you but does no damage.
You miss the killer bee.
The killer bee is severely wounded.
You feel sick.
You are no longer poisoned.
The killer bee stings you.
* * * LOW HITPOINT WARNING * * *
You block the killer bee's attack.
You barely miss the killer bee.
The killer bee is severely wounded.
The killer bee stings you.
You die...

#..###### ##.......# .#
##..#.###.### ...##
##..####☼...§# ......#
##.....##.....# >.....)##
##.........._...
........####<.......#.....#
.........##.........#○....#
.........#@.#.......###.###
........yy#########........
.:.........# #####....
#...!......## ####.
............# #.
...#........# #.
.....#.......# #.
...######..### #. y. ####
#.


You could see 2 killer bees.

Vanquished Creatures
  A water moccasin (D:4)
  A black bear (D:4)
  3 ogres
  A scorpion (D:5)
  4 killer bees (D:6)
  A bullfrog zombie (D:5)
  Crazy Yiuf (D:3)
  A jelly (D:5)
  2 orc priests
  A centaur skeleton (D:5)
  A gnoll shaman (D:5)
  3 orc wizards (D:5)
  A killer bee zombie (D:5)
  A hound skeleton (D:4)
  5 gnolls (D:5)
  11 adders
  2 worms
  3 dart slugs
  15 orcs
  4 endoplasms
  3 giant cockroaches
  3 goblins
  6 hobgoblins
  A jackal (D:4)
  7 kobolds
  3 quokkas
  11 ball pythons
  8 bats
  2 frilled lizards (D:2)
  6 rats
112 creatures vanquished.

Notes
Turn   | Place    | Note
-------+----------+-------------------------------------------
     0 | D:1      | Eitelfritz the Hill Orc Fighter began the quest for the
                  | Orb.
     0 | D:1      | Reached XP level 1. HP: 19/19 MP: 1/1
   263 | D:1      | Reached XP level 2. HP: 26/27 MP: 2/2
   471 | D:1      | Reached skill level 3 in Axes
   851 | D:2      | Reached XP level 3. HP: 33/33 MP: 3/3
  1294 | D:2      | Reached XP level 4. HP: 37/40 MP: 4/4
  1339 | D:2      | Found a faded altar of an unknown god.
  1354 | D:2      | Reached skill level 4 in Axes
  1913 | D:3      | Reached XP level 5. HP: 14/47 MP: 5/5
  2232 | D:3      | Found a broken altar of Ashenzari.
  2448 | D:3      | Found a runed translucent door.
  2449 | D:3      | Noticed Crazy Yiuf
  2466 | D:3      | Found a blossoming altar of Fedhas.
  2480 | D:3      | You fall into a shaft and drop 2 floors!
  2480 | D:5      | Entered Level 5 of the Dungeon
  2524 | D:5      | Found a staircase to the Ecumenical Temple.
  2631 | D:5      | Reached skill level 5 in Axes
  2631 | D:5      | Reached XP level 6. HP: 37/53 MP: 6/6
  2855 | D:5      | Reached skill level 1 in Dodging
  2928 | D:5      | Found a radiant altar of Vehumet.
  3090 | D:4      | Noticed a water moccasin
  3103 | D:4      | Killed a water moccasin
  3104 | D:4      | Reached skill level 5 in Armour
  3104 | D:4      | Reached XP level 7. HP: 17/60 MP: 7/7
  3405 | D:4      | Reached skill level 6 in Axes
  3566 | D:4      | Reached skill level 5 in Fighting
  4350 | D:3      | Killed Crazy Yiuf
  4571 | D:5      | Reached skill level 7 in Axes
  4591 | D:5      | Reached XP level 8. HP: 35/68 MP: 8/8
  4989 | D:5      | Found Jootiham's Jewellery Boutique.
  5194 | Temple   | Entered the Ecumenical Temple
  5485 | D:6      | Found a stormy altar of Qazlal.
  5544 | D:6      | Reached skill level 8 in Axes
  5555 | D:6      | Slain by a killer bee

Illustrated notes

Levels and vault maps discovered:
D:1:      minmay_arrival_diagonal_passages, layout_loops_ring
D:2:      layout_basic, ebering_ecumenical_altar_mist, grunt_decor_junction,
          grunt_decor_cap
D:3:      layout_rooms, fedhas_ov_isle_minmay, ashenzari_conservatory_becter,
          uniq_crazy_yiuf_cottage
D:4:      layout_rooms, hex_large, minmay_between
D:5:      layout_basic, mainiacjoe_overflow_catwalk, minmay_temple_entry_waves,
          serial_shops, nicolae_shop_hallway_plus
D:6:      layout_cave_pods, kennysheep_mini_moat, overflow_temple_1_default,
          grunt_qazlal_clouds
Temple:   compressed_dpeg_circular_temple

Skill      XL: |  1  2  3  4  5  6  7  8 |
---------------+-------------------------+-----
Axes           | 3 4 5 7 8 |  8.2
Fighting       | 4 5 |  5.8
Shields        | 4 |  4.6
Armour         | 4 5 6 |  6.7
Dodging        | 1 2 |  2.3
Stealth        | |  0.7

Action                   |  1- 3 |  4- 6 |  7- 9 || total
-------------------------+-------+-------+-------++-------
Melee: War axe           |   103 |   138 |   141 ||   382
  Use: Potion            |       |     1 |     2 ||     3
       Scroll            |       |       |    12 ||    12
Armor: Scale mail        |    52 |    75 |    78 ||   205
Dodge: Dodged            |    63 |    85 |    86 ||   234
Block: Buckler           |    26 |    41 |    38 ||   105
